 Dungeon Crawl Stone Soup version 0.31-a0-1019-g3dd9dd1025 (webtiles) character file.

Game seed: 9508600339928774761

1 Decritt the Stinger (level 1, 15/15 HPs)
             Began as a Djinni Hedge Wizard on July 11, 2023.
             Quit the game on level 1 of the Dungeon on Nov 17, 2023.
             The game lasted 00:03:06 (93 turns).

Decritt the Stinger (Djinni Hedge Wizard)             Turns: 93, Time: 00:03:06

Health: 15/15      AC:  2    Str:  9    XL:     1   Next: 22%
Gold:   0          EV: 12    Int: 15    God:
                   SH:  0    Dex: 12

rFire   + + .        a - +0 dagger
rCold   x . .        (no shield)
rNeg    . . .        b - +0 robe
rPois   ∞            c - +0 hat
rElec   .            (no cloak)
rCorr   .            (no gloves)
SInv    .            (boots unavailable)
Will    .....        (no amulet)
Stlth   ++           (no ring)
HPRegen 0.22/turn    (no ring)
MPRegen 0.00/turn

%: no passive effects
@: flying
A: sickness immunity, fire resistance 2, cold vulnerability 1, float, innate
caster, HP casting, extra vitality 1
a: no special abilities


You were on level 1 of the Dungeon.
You visited 1 branch of the dungeon, and saw 1 of its levels.

Inventory:

Hand Weapons
 a - a +0 dagger (weapon)
Armour
 b - a +0 robe (worn)
 c - a +0 hat (worn)
Scrolls
 d - a scroll of teleportation {unknown}


   Skills:
 * Level 0.0 Fighting
 + Level 0.0 Armour
 - Level 2.1 Dodging
 - Level 1.5 Stealth
 * Level 2.9 Spellcasting
 * Level 2.9 Conjurations
 * Level 2.9 Hexes
 * Level 2.9 Summonings
 * Level 2.9 Necromancy
 * Level 2.9 Translocations
 * Level 2.9 Transmutations
 * Level 2.9 Fire Magic
 * Level 2.9 Ice Magic
 * Level 2.9 Air Magic
 * Level 2.9 Earth Magic
 * Level 2.9 Poison Magic
 * Level 0.6 Shapeshifting


You knew the following spells:

 Your Spells              Type           Power      Damage    Failure   Level
a - Magic Dart            Conj           40%        1d5       6%          1
b - Slow                  Hex            40%        N/A       6%          1
c - Mephitic Cloud        Conj/Pois/Air  10%        N/A       19%         3
d - Call Imp              Summ           20%        N/A       10%         2
z - Blink                 Tloc           20%        N/A       10%         2
Your spell library was empty.

Dungeon Overview and Level Annotations

Branches:
Dungeon (1/15)

Altars:


Innate Abilities, Weirdness & Mutations

You are immune to sickness and miasma.
You are immune to poison.
Your flesh is very heat resistant. (rF++)
You are vulnerable to cold. (rC-)
You float through the air rather than walking.
You learn spells naturally, not from books.
Your magical power is your life essence.
You have superior vitality. (+4 MHP)


Message History

A goblin is nearby!
Cast which spell? (? or * to list)
Aiming: Magic Dart (safe; 6% risk of failure)
Press: ? - help, Shift-Dir - straight line, f - goblin
Aim: a goblin, wielding a +0 dagger (asleep, 100% to hit)
The magic dart hits the goblin.
The goblin is severely wounded.
Casting: Magic Dart (safe; 6% risk of failure)
Confirm with . or Enter, or press ? or * to list all spells.
Aiming: Magic Dart (safe; 6% risk of failure)
Press: ? - help, Shift-Dir - straight line, f/p - goblin
Aim: a goblin, wielding a +0 dagger (severely wounded, 100% to hit)
The magic dart hits the goblin.
You kill the goblin!
Casting: Magic Dart (safe; 6% risk of failure)
Confirm with . or Enter, or press ? or * to list all spells.
You can't see any susceptible monsters within range! (Use Z to cast anyway.) HP restored.
You see here a +0 dagger.
An endoplasm comes into view.
Saving game... please wait.
Options error: Extraneous enemy hp color values ignored in 'green green brown brown magenta red lightgrey' (~/.crawlrc:28)
Your Shapeshifting skill lost 2 levels and is now at level 0!
Welcome back, Decritt the Djinni Hedge Wizard.
Press ? for a list of commands and other information.
Options error: Extraneous enemy hp color values ignored in 'green green brown brown magenta red lightgrey' (~/.crawlrc:28) Welcome back, Decritt the Djinni Hedge Wizard.
Press ? for a list of commands and other information.
Options error: Extraneous enemy hp color values ignored in 'green green brown brown magenta red lightgrey' (~/.crawlrc:28) Welcome back, Decritt the Djinni Hedge Wizard.
Press ? for a list of commands and other information.
Options error: Extraneous enemy hp color values ignored in 'green green brown brown magenta red lightgrey' (~/.crawlrc:28) Welcome back, Decritt the Djinni Hedge Wizard.
Press ? for a list of commands and other information.
Saving game... please wait.
Options error: Extraneous enemy hp color values ignored in 'green green brown brown magenta red lightgrey' (~/.crawlrc:28) Welcome back, Decritt the Djinni Hedge Wizard.
Press ? for a list of commands and other information.
Unknown command.
Are you sure you want to abandon this character and quit the game? (Confirm with "yes".)

### ### #.. ..##### #.#
#.##... #.# #.##... #
#.# #.##... ... #.#
#.##...
.....#######.#####.#....
.......@..##.....#......
.....#..#..)............
...........##...........
...........###.#.#######
.......###.......# #...
.......#⌠#.##.#### #.##
J....#.###.##. #.#.
###..#.....##. #.#. #.
......# #.##


You could see an endoplasm (asleep).

Vanquished Creatures
  A goblin (D:1)
1 creature vanquished.

Notes
Turn   | Place    | Note
-------+----------+-------------------------------------------
     0 | D:1      | Decritt the Djinni Hedge Wizard began the quest for the
                  | Orb.
     0 | D:1      | Decritt set off with the following spells memorised: Magic
                  | Dart, Slow, Blink, Call Imp, Mephitic Cloud.
     0 | D:1      | Reached XP level 1. HP: 15/15 MP: 0/0
    93 | D:1      | Upgraded the game from 0.31-a0-237-g2d982f9f85 to
                  | 0.31-a0-984-gbfb7dba898
    93 | D:1      | Upgraded the game from 0.31-a0-984-gbfb7dba898 to
                  | 0.31-a0-1019-g3dd9dd1025
    93 | D:1      | Quit the game

Illustrated notes

Levels and vault maps discovered:
D:1:      matt_arrival_spirals, layout_basic, serial_glass, glass_columns_b,
          glass_columns_b, due_unseen_surprise, minmay_strange_pillars,
          feat_on_display

Skill      XL: |  1 |
---------------+----+-----
Shapeshifting  | 0 |  0.6
Dodging        | |  2.1
Stealth        | |  1.5
Spellcasting   | |  2.9
Conjurations   | |  2.9
Hexes          | |  2.9
Summonings     | |  2.9
Necromancy     | |  2.9
Translocations | |  2.9
Transmutations | |  2.9
Fire Magic     | |  2.9
Ice Magic      | |  2.9
Air Magic      | |  2.9
Earth Magic    | |  2.9
Poison Magic   | |  2.9

Action                     || total
---------------------------++-------
   Cast: Magic Dart        ||     2

Table legend: (Time is in decaauts)
 A = Elapsed time spent in this place.
 B = Non-inter-level travel time spent in this place.
 C = Inter-level travel time spent in this place.
 D = Time resting spent in this place.
 E = Time spent auto-exploring this place.
 F = Levels seen in this place.
 G = Mean time per level.
                   A        B        C        D        E       F      G
               +--------+--------+--------+--------+--------+-----+--------+
         Total |     93 |     93 |      0 |      0 |     87 |   1 |   93.0 |
       Dungeon |     93 |     93 |      0 |      0 |     87 |   1 |   93.0 |
               +--------+--------+--------+--------+--------+-----+--------+

Top non-repeatable levels by time:
     D:1: 93 daAuts
